[Event "44th Chess Olympiad Women 2022"]
[Site "Chennai"]
[Date "2022.08.09"]
[Round "11.55"]
[White "Darweeche, Roaa"]
[Black "Mohammed, Celine Angelina"]
[Result "1/2-1/2"]
[ECO "D30"]
[WhiteElo "1548"]
[BlackElo "1100"]
[Annotator "NA RC COMBH"]
[PlyCount "85"]
[EventDate "2022.07.29"]
[EventType "team-tourn"]
[EventCountry "IND"]
[SourceTitle "playchess.com"]
[Source "ChessBase"]
[SourceQuality "1"]
[WhiteTeam "Lebanon"]
[BlackTeam "TTO"]
[WhiteTeamCountry "LBN"]
[TimeControl "40/5400+30:1800+30"]

1. Nf3 d5 2. c4 c6 3. e3 Nf6 4. d4 e6 5. c5 b6 6. b4 Be7 7. Nc3 O-O 8. Bd3 Nbd7 9. O-O Re8 10. e4 dxe4 11. Nxe4 Nxe4 12. Bxe4 Bb7 13. Bf4 Nf6 14. Bc2 Nd5 15. Bd2 bxc5 16. dxc5 Bf6 17. Rb1 Ba6 18. Re1 Bc4 19. Bb3 Bxb3 20. Rxb3 Qd7 21. Bc3 Bxc3 22. Rxc3 Qb7 23. Rb3 Rad8 24. Qc2 h6 25. a3 Qe7 26. Ne5 Rc8 27. Nc4 Rc7 28. Nd6 Rd8 29. Qe4 Nf6 30. Qe5 Ne8 31. Rg3 Qf6 32. Qxf6 Nxf6 33. h3 Ne8 34. Rd3 Nxd6 35. cxd6 Rcd7 36. Red1 Kf8 37. f4 f6 38. Kf2 Kf7 39. Kf3 g5 40. g3 f5 41. a4 Kf6 42. b5 cxb5 43. axb5 1/2-1/2

[Event "44th Chess Olympiad Women 2022"]
[Site "Chennai"]
[Date "2022.08.09"]
[Round "11.55"]
[White "Martin, Kayla"]
[Black "Fawaz, Nadia"]
[Result "1/2-1/2"]
[ECO "C50"]
[WhiteElo "1138"]
[BlackElo "1214"]
[Annotator "NA RC COMBH"]
[PlyCount "52"]
[EventDate "2022.07.29"]
[EventType "team-tourn"]
[EventCountry "IND"]
[SourceTitle "playchess.com"]
[Source "ChessBase"]
[SourceQuality "1"]
[WhiteTeam "TTO"]
[BlackTeam "Lebanon"]
[BlackTeamCountry "LBN"]
[TimeControl "40/5400+30:1800+30"]

1. e4 e5 2. Nf3 Nc6 3. Bc4 Bc5 4. Nc3 Nf6 5. O-O O-O 6. d3 h6 7. Re1 d6 8. h3 Na5 9. Bd5 c6 10. Bc4 Nxc4 11. dxc4 Be6 12. a3 a5 13. b3 Re8 14. Be3 Bxe3 15. Rxe3 Qc7 16. Qd2 Rad8 17. Rd1 Rd7 18. Qe1 Nh7 19. Re2 Nf6 20. Red2 Red8 21. Qe3 Kh8 22. a4 Kg8 23. Kf1 Kh8 24. Kg1 Kg8 25. Kf1 Kh8 26. Kg1 Kg8 1/2-1/2

[Event "44th Chess Olympiad Women 2022"]
[Site "Chennai"]
[Date "2022.08.09"]
[Round "11.56"]
[White "Markidou, Christianna"]
[Black "Lohani, Sujana"]
[Result "0-1"]
[ECO "B06"]
[WhiteElo "1701"]
[BlackElo "1697"]
[Annotator "NA RC COMBH"]
[PlyCount "46"]
[EventDate "2022.07.29"]
[EventType "team-tourn"]
[EventCountry "IND"]
[SourceTitle "playchess.com"]
[Source "ChessBase"]
[SourceQuality "1"]
[WhiteTeam "Cyprus"]
[BlackTeam "Nepal"]
[WhiteTeamCountry "CYP"]
[BlackTeamCountry "NEP"]
[TimeControl "40/5400+30:1800+30"]

1. e4 d6 2. d4 g6 3. b3 Bg7 4. Bb2 c5 5. c3 Qb6 6. Nf3 Nf6 7. Bd3 O-O 8. O-O Bg4 9. h3 Bxf3 10. Qxf3 Nc6 11. Qe3 cxd4 12. cxd4 Nd7 13. Nd2 Bxd4 14. Bxd4 Qxd4 15. Qxd4 Nxd4 16. Rfc1 Rac8 17. f4 Nc5 18. Bf1 Rc6 19. Kf2 Rfc8 20. Ke3 Nce6 21. Rxc6 Rxc6 22. Kd3 Nc2 23. Rb1 Nxf4# 0-1

[Event "44th Chess Olympiad Women 2022"]
[Site "Chennai"]
[Date "2022.08.09"]
[Round "11.56"]
[White "Kapali, Binita"]
[Black "Ioannides Liu, Alice"]
[Result "0-1"]
[ECO "C50"]
[WhiteElo "1511"]
[BlackElo "1292"]
[Annotator "NA RC COMBH"]
[PlyCount "114"]
[EventDate "2022.07.29"]
[EventType "team-tourn"]
[EventCountry "IND"]
[SourceTitle "playchess.com"]
[Source "ChessBase"]
[SourceQuality "1"]
[WhiteTeam "Nepal"]
[BlackTeam "Cyprus"]
[WhiteTeamCountry "NEP"]
[BlackTeamCountry "CYP"]
[TimeControl "40/5400+30:1800+30"]

1. e4 e5 2. Nf3 Nc6 3. Nc3 Nf6 4. Bc4 Bc5 5. O-O d6 6. h3 O-O 7. d3 h6 8. Na4 Bb6 9. Nxb6 axb6 10. a3 d5 11. exd5 Nxd5 12. Bd2 Re8 13. Re1 Qd6 14. Nh2 Nf6 15. Bc3 Be6 16. Ba2 Bxa2 17. Rxa2 Nd5 18. Bd2 Re6 19. Ra1 Rf6 20. Ng4 Rg6 21. c3 Qe6 22. Qf3 Qd6 23. Qe4 Re6 24. Rad1 Rd8 25. Bc1 Nf6 26. Nxf6+ Rxf6 27. Be3 Qd5 28. Rf1 Rfd6 29. Qxd5 Rxd5 30. d4 exd4 31. cxd4 Nxd4 32. Bxd4 Rxd4 33. Rxd4 Rxd4 34. Rc1 c6 35. Kf1 Rd2 36. b4 Ra2 37. Rc3 Kf8 38. Re3 Rb2 39. Re2 Rb1+ 40. Re1 Rxe1+ 41. Kxe1 Ke7 42. Kd2 Kd6 43. Kd3 Kd5 44. a4 c5 45. b5 c4+ 46. Kc3 Kc5 47. f3 g5 48. g3 f6 49. g4 Kd5 50. Kb4 Kd4 51. a5 bxa5+ 52. Kxa5 c3 53. Kb6 c2 54. Kxb7 c1=Q 55. b6 Qc5 56. Ka7 Qa5+ 57. Kb7 Kc5 0-1

[Event "44th Chess Olympiad Women 2022"]
[Site "Chennai"]
[Date "2022.08.09"]
[Round "11.56"]
[White "Neupane, Anisha"]
[Black "Sokolova, Victoria"]
[Result "1/2-1/2"]
[ECO "C45"]
[WhiteElo "1488"]
[BlackElo "1193"]
[Annotator "NA RC COMBH"]
[PlyCount "130"]
[EventDate "2022.07.29"]
[EventType "team-tourn"]
[EventCountry "IND"]
[SourceTitle "playchess.com"]
[Source "ChessBase"]
[SourceQuality "1"]
[WhiteTeam "Nepal"]
[BlackTeam "Cyprus"]
[WhiteTeamCountry "NEP"]
[BlackTeamCountry "CYP"]
[TimeControl "40/5400+30:1800+30"]

1. e4 e5 2. Nf3 Nc6 3. d4 exd4 4. Nxd4 Qh4 5. Nc3 Bb4 6. Ndb5 Qxe4+ 7. Qe2 Qxe2+ 8. Bxe2 Ba5 9. Bf4 d6 10. O-O-O Be6 11. a3 a6 12. Nd4 Nxd4 13. Rxd4 Bxc3 14. bxc3 Ne7 15. Bf3 Nc6 16. Rdd1 O-O 17. Rhe1 Rfe8 18. Kd2 Bd7 19. Rb1 b6 20. h3 Rad8 21. Be2 a5 22. Bb5 Ne5 23. c4 c6 24. Ba6 Rb8 25. Be3 b5 26. cxb5 Nc4+ 27. Kd3 Nxe3 28. Rxe3 Rxe3+ 29. Kxe3 cxb5 30. c4 Re8+ 31. Kd2 bxc4 32. Bxc4 g6 33. Rb6 Be6 34. Bb5 Ra8 35. Rxd6 Kf8 36. Ra6 Rxa6 37. Bxa6 Ke7 38. Kc3 Kd6 39. Kd4 Bb3 40. Bc4 Bxc4 41. Kxc4 Kc6 42. a4 g5 43. g3 f5 44. f3 h5 45. h4 gxh4 46. gxh4 f4 47. Kd4 Kd6 48. Ke4 Kc5 49. Kxf4 Kb4 50. Kg5 Kxa4 51. f4 Kb5 52. f5 a4 53. f6 a3 54. f7 a2 55. f8=Q a1=Q 56. Qb8+ Kc6 57. Qe8+ Kd5 58. Qf7+ Kd6 59. Qf4+ Qe5+ 60. Qxe5+ Kxe5 61. Kxh5 Kf5 62. Kh6 Kf6 63. Kh7 Kf7 64. h5 Kf8 65. Kg6 Kg8 1/2-1/2

[Event "44th Chess Olympiad Women 2022"]
[Site "Chennai"]
[Date "2022.08.09"]
[Round "11.56"]
[White "Bouzana, Christina"]
[Black "Adhikari, Kritisara"]
[Result "0-1"]
[ECO "A48"]
[WhiteElo "1079"]
[BlackElo "1552"]
[Annotator "NA RC COMBH"]
[PlyCount "116"]
[EventDate "2022.07.29"]
[EventType "team-tourn"]
[EventCountry "IND"]
[SourceTitle "playchess.com"]
[Source "ChessBase"]
[SourceQuality "1"]
[WhiteTeam "Cyprus"]
[BlackTeam "Nepal"]
[WhiteTeamCountry "CYP"]
[BlackTeamCountry "NEP"]
[TimeControl "40/5400+30:1800+30"]

1. d4 Nf6 2. Bf4 g6 3. e3 Bg7 4. Nf3 d6 5. Bd3 Nbd7 6. Nbd2 c5 7. Bg3 O-O 8. dxc5 Nxc5 9. Be2 Qa5 10. c3 Qc7 11. O-O a6 12. Nd4 Re8 13. N4b3 Nce4 14. Bh4 Rb8 15. Bf3 Nxd2 16. Nxd2 Qc5 17. Re1 b5 18. Rc1 Qb6 19. c4 Be6 20. cxb5 axb5 21. b3 Qa5 22. a4 bxa4 23. bxa4 Bd7 24. Rc4 Rb4 25. Rxb4 Qxb4 26. Bg3 Qxa4 27. Qxa4 Bxa4 28. Ra1 Bd7 29. h3 Ne4 30. Ra7 Nxd2 31. Rxd7 Nxf3+ 32. gxf3 Bf6 33. Kg2 Rc8 34. Bf4 Kg7 35. Bg3 Rc2 36. f4 Rc4 37. Kf3 Rc3 38. Ke4 h6 39. h4 g5 40. hxg5 hxg5 41. fxg5 Bxg5 42. Kf5 Rc5+ 43. Ke4 Kg6 44. f4 f5+ 45. Kf3 Bf6 46. Be1 Rb5 47. e4 Rb3+ 48. Ke2 fxe4 49. Bd2 Kf5 50. Ra7 d5 51. Ra5 e6 52. Bc1 Rc3 53. Bd2 Rc2 54. Ke3 Bc3 55. Bxc3 Rxc3+ 56. Ke2 Kxf4 57. Ra2 d4 58. Ke1 e3 0-1

[Event "44th Chess Olympiad Women 2022"]
[Site "Chennai"]
[Date "2022.08.09"]
[Round "11.57"]
[White "Raharimanana, Faratiana"]
[Black "Nepando, Jolly"]
[Result "1-0"]
[ECO "C54"]
[WhiteElo "1707"]
[BlackElo "1389"]
[Annotator "NA RC COMBH"]
[PlyCount "149"]
[EventDate "2022.07.29"]
[EventType "team-tourn"]
[EventCountry "IND"]
[SourceTitle "playchess.com"]
[Source "ChessBase"]
[SourceQuality "1"]
[WhiteTeam "Madagascar"]
[BlackTeam "Namibia"]
[WhiteTeamCountry "MAD"]
[BlackTeamCountry "NAM"]
[TimeControl "40/5400+30:1800+30"]

1. e4 e5 2. Nf3 Nc6 3. Bc4 Bc5 4. d3 d6 5. c3 Nf6 6. Bg5 O-O 7. O-O Na5 8. Bb5 a6 9. Ba4 b5 10. Bc2 Bb6 11. b4 Nb7 12. a4 c6 13. Nbd2 Bg4 14. h3 Bh5 15. g4 Bg6 16. d4 h6 17. Bh4 Qe7 18. a5 Bc7 19. dxe5 dxe5 20. Qe2 Bh7 21. Rab1 c5 22. Qe3 c4 23. Kh2 Nd8 24. g5 hxg5 25. Bxg5 Ne6 26. Rg1 Bg6 27. Kh1 Kh7 28. Nh2 Rh8 29. Ng4 Nxg5 30. Qxg5 Kg8 31. Rg3 Rh5 32. Nxf6+ Qxf6 33. Qxf6 gxf6 34. Rbg1 Kg7 35. Nf1 Rah8 36. Kg2 Kf8 37. Ne3 Rg5 38. Rh1 Rhh5 39. h4 Rxg3+ 40. fxg3 Ke7 41. g4 Rh6 42. h5 Bh7 43. Kf3 Ke6 44. Rd1 Bd6 45. Nf5 Bxf5 46. exf5+ Ke7 47. Be4 Rh8 48. Rh1 Rd8 49. Rd1 Rh8 50. Bd5 Bxb4 51. cxb4 Rd8 52. Ke4 Kf8 53. Rc1 Kg7 54. Rc3 Kh6 55. Bxf7 Rd4+ 56. Kf3 Kg5 57. Kf2 Rf4+ 58. Kg2 Rxg4+ 59. Rg3 Rxg3+ 60. Kxg3 c3 61. Bb3 Kxh5 62. Kf3 Kg5 63. Ke4 Kg4 64. Bc2 Kg5 65. Kd3 Kxf5 66. Kxc3+ Kf4 67. Bd3 Ke3 68. Bxb5 axb5 69. a6 f5 70. a7 f4 71. a8=Q f3 72. Qd5 f2 73. Qxe5+ Kf3 74. Qxb5 Kg2 75. Qe2 1-0

[Event "44th Chess Olympiad Women 2022"]
[Site "Chennai"]
[Date "2022.08.09"]
[Round "11.57"]
[White "Rakotoniaina Tiana Johanna"]
[Black "Beukes Jamie-Nicole"]
[Result "1-0"]
[ECO "B47"]
[WhiteElo "1529"]
[BlackElo "1231"]
[Annotator "NA RC COMBH"]
[PlyCount "61"]
[EventDate "2022.07.29"]
[EventType "team-tourn"]
[EventCountry "IND"]
[SourceTitle "playchess.com"]
[Source "ChessBase"]
[SourceQuality "1"]
[WhiteTeam "Madagascar"]
[BlackTeam "Namibia"]
[WhiteTeamCountry "MAD"]
[BlackTeamCountry "NAM"]
[TimeControl "40/5400+30:1800+30"]

1. e4 c5 2. Nf3 e6 3. d4 cxd4 4. Nxd4 Nc6 5. Nc3 Qc7 6. Ndb5 Qb8 7. Be2 a6 8. Nd4 Nf6 9. Bg5 Nxe4 10. Nxc6 Nxc3 11. bxc3 bxc6 12. Rb1 Qe5 13. Qd2 Bd6 14. Be3 O-O 15. f4 Qd5 16. Qxd5 cxd5 17. Kf2 Rb8 18. Rxb8 Bxb8 19. Rb1 Bc7 20. g4 g5 21. fxg5 Bxh2 22. Rh1 Be5 23. Bd3 Bxc3 24. Bc5 Re8 25. Bd6 Bd2 26. Bxh7+ Kg7 27. Be5+ Kf8 28. Bf6 Bxg5 29. Bxg5 Kg7 30. Bd3 Rg8 31. Be7 1-0

[Event "44th Chess Olympiad Women 2022"]
[Site "Chennai"]
[Date "2022.08.09"]
[Round "11.57"]
[White "Mentile, Lishen"]
[Black "Razafindrabe, Bakoly"]
[Result "1-0"]
[ECO "C58"]
[WhiteElo "1486"]
[BlackElo "1238"]
[Annotator "NA RC COMBH"]
[PlyCount "101"]
[EventDate "2022.07.29"]
[EventType "team-tourn"]
[EventCountry "IND"]
[SourceTitle "playchess.com"]
[Source "ChessBase"]
[SourceQuality "1"]
[WhiteTeam "Namibia"]
[BlackTeam "Madagascar"]
[WhiteTeamCountry "NAM"]
[BlackTeamCountry "MAD"]
[TimeControl "40/5400+30:1800+30"]

1. e4 e5 2. Nf3 Nc6 3. Bc4 Nf6 4. Ng5 d5 5. exd5 Na5 6. Bb5+ c6 7. dxc6 bxc6 8. Ba4 h6 9. Nh3 Bxh3 10. gxh3 Qc8 11. Qf3 e4 12. Qg3 Qe6 13. Nc3 g6 14. Qc7 Bb4 15. a3 Bxc3 16. dxc3 Qd5 17. c4 Qe6 18. Qxa5 O-O 19. Qc3 Kg7 20. Bb3 c5 21. Bd2 a5 22. Ba4 Kh7 23. O-O-O Nh5 24. Qe3 g5 25. Qxc5 Rfc8 26. Qe3 Qxc4 27. Bb3 Qc6 28. Bc3 Nf4 29. Bd5 Nxd5 30. Qxe4+ Qg6 31. Qxg6+ Kxg6 32. Rxd5 a4 33. Rg1 Rc6 34. h4 f6 35. f4 Kh5 36. hxg5 fxg5 37. fxg5 Rg6 38. gxh6+ Kxh6 39. Rxg6+ Kxg6 40. h4 Rf8 41. Rg5+ Kh7 42. Rg1 Rf3 43. Ba5 Kh6 44. Bd8 Rh3 45. Bg5+ Kg6 46. Rg4 Rh1+ 47. Kd2 Rh2+ 48. Kc3 Rh3+ 49. Kb4 Rh2 50. Bf4+ Kf5 51. Bxh2 1-0

[Event "44th Chess Olympiad Women 2022"]
[Site "Chennai"]
[Date "2022.08.09"]
[Round "11.57"]
[White "Van Wyk, Keisha C"]
[Black "Razafindrabiaza, Christine"]
[Result "1-0"]
[ECO "C41"]
[WhiteElo "1237"]
[BlackElo "1635"]
[Annotator "NA RC COMBH"]
[PlyCount "59"]
[EventDate "2022.07.29"]
[EventType "team-tourn"]
[EventCountry "IND"]
[SourceTitle "playchess.com"]
[Source "ChessBase"]
[SourceQuality "1"]
[WhiteTeam "Namibia"]
[BlackTeam "Madagascar"]
[WhiteTeamCountry "NAM"]
[BlackTeamCountry "MAD"]
[TimeControl "40/5400+30:1800+30"]

1. e4 e5 2. Nf3 d6 3. Be2 Nf6 4. Nc3 Be7 5. d4 exd4 6. Nxd4 O-O 7. Be3 a6 8. h4 c5 9. Nf5 Bxf5 10. exf5 Nc6 11. g4 Nd7 12. g5 f6 13. g6 h6 14. Qd2 Nb6 15. Bxh6 Nd4 16. O-O-O Nxf5 17. Bf4 Nd4 18. h5 Qe8 19. Bd3 f5 20. Qe3 Qd7 21. h6 Bf6 22. hxg7 Bxg7 23. Qh3 Bf6 24. Bg5 Bxg5+ 25. Kb1 Bf6 26. Rdg1 Qg7 27. Qg2 Qc7 28. Rh7 Qc6 29. Qh3 Qf3 30. Rh8+ 1-0

[Event "44th Chess Olympiad Women 2022"]
[Site "Chennai"]
[Date "2022.08.09"]
[Round "11.58"]
[White "Leboela, Maboloko"]
[Black "Kaslan, Victoria"]
[Result "0-1"]
[ECO "E61"]
[WhiteElo "1253"]
[BlackElo "1477"]
[Annotator "NA RC COMBH"]
[PlyCount "50"]
[EventDate "2022.07.29"]
[EventType "team-tourn"]
[EventCountry "IND"]
[SourceTitle "playchess.com"]
[Source "ChessBase"]
[SourceQuality "1"]
[WhiteTeam "Lesotho"]
[BlackTeam "Surinam"]
[WhiteTeamCountry "LES"]
[BlackTeamCountry "SUR"]
[TimeControl "40/5400+30:1800+30"]

1. d4 Nf6 2. c4 g6 3. g3 Bg7 4. Bg2 d6 5. Nc3 O-O 6. Bd2 Nbd7 7. Qc1 e5 8. d5 Ne8 9. Bh6 f5 10. e4 Nc5 11. exf5 Nd3+ 12. Kd1 Nxc1 13. Bxg7 Nxg7 14. Rxc1 Bxf5 15. f3 Qf6 16. g4 Bd7 17. Ne4 Qh4 18. Ne2 Rf7 19. Rc3 Ne8 20. N2g3 Rd8 21. c5 dxc5 22. Rxc5 b6 23. Rc3 Be6 24. d6 Nxd6 25. Rd3 Nxe4 0-1

[Event "44th Chess Olympiad Women 2022"]
[Site "Chennai"]
[Date "2022.08.09"]
[Round "11.59"]
[White "Sisior, Destiny"]
[Black "Al Balushi, Mariya"]
[Result "1/2-1/2"]
[ECO "C50"]
[WhiteElo "1298"]
[BlackElo "1660"]
[Annotator "NA RC COMBH"]
[PlyCount "77"]
[EventDate "2022.07.29"]
[EventType "team-tourn"]
[EventCountry "IND"]
[SourceTitle "playchess.com"]
[Source "ChessBase"]
[SourceQuality "1"]
[WhiteTeam "PLW"]
[BlackTeam "OMA"]
[TimeControl "40/5400+30:1800+30"]

1. e4 e5 2. Nf3 Nc6 3. Bc4 Nf6 4. Nc3 Bc5 5. h3 d6 6. d3 O-O 7. Bg5 h6 8. Bxf6 Qxf6 9. Nd5 Qd8 10. c3 Na5 11. b4 Nxc4 12. dxc4 c6 13. bxc5 cxd5 14. cxd5 Qc7 15. O-O Qxc5 16. Qd3 Bd7 17. c4 b5 18. Rfc1 bxc4 19. Qxc4 Qxc4 20. Rxc4 Bb5 21. Rc3 f5 22. Nd2 f4 23. Nf3 g5 24. a4 Bd7 25. Rc7 Be8 26. Nd2 Rf7 27. Rxf7 Kxf7 28. Rc1 Rd8 29. Rc7+ Rd7 30. Rxd7+ Bxd7 31. a5 a6 32. Nc4 Ke7 33. f3 h5 34. Kf2 g4 35. h4 gxf3 36. gxf3 Bb5 37. Nb6 Kd8 38. Ke1 Kc7 39. Kf2 1/2-1/2

[Event "44th Chess Olympiad Women 2022"]
[Site "Chennai"]
[Date "2022.08.09"]
[Round "11.59"]
[White "Al Ghafri, Alanoud"]
[Black "Sisior, Angelil"]
[Result "0-1"]
[ECO "B06"]
[WhiteElo "1259"]
[BlackElo "1488"]
[Annotator "NA RC COMBH"]
[PlyCount "76"]
[EventDate "2022.07.29"]
[EventType "team-tourn"]
[EventCountry "IND"]
[SourceTitle "playchess.com"]
[Source "ChessBase"]
[SourceQuality "1"]
[WhiteTeam "OMA"]
[BlackTeam "PLW"]
[TimeControl "40/5400+30:1800+30"]

1. e4 g6 2. d4 Bg7 3. Nf3 e6 4. Nc3 Ne7 5. Bd3 O-O 6. O-O d5 7. e5 Nbc6 8. Re1 Nb4 9. Ne2 Nxd3 10. Qxd3 b6 11. c3 c5 12. Be3 Nf5 13. dxc5 Nxe3 14. Qxe3 Rb8 15. cxb6 Rxb6 16. Rab1 Ba6 17. Ng3 Qc7 18. Qf4 Rfb8 19. Ng5 Rxb2 20. Rxb2 Rxb2 21. Qa4 Bb5 22. Qa3 Rc2 23. Qb3 Bd3 24. Nf3 Rxc3 25. Qb4 Bf8 26. Qf4 Rc2 27. a4 Qc5 28. Ng5 Qc7 29. h3 Bc5 30. Kh2 Bxf2 31. Rb1 Bb6 32. a5 Rxg2+ 33. Kxg2 Qc2+ 34. Kf3 Qf2+ 35. Kg4 h5+ 36. Nxh5 gxh5+ 37. Kxh5 Qxf4 38. axb6 Be2+ 0-1

[Event "44th Chess Olympiad Women 2022"]
[Site "Chennai"]
[Date "2022.08.09"]
[Round "11.60"]
[White "Viana, Valeria"]
[Black "Nkwanyane Nolwazi"]
[Result "1-0"]
[ECO "C54"]
[WhiteElo "1441"]
[BlackElo "1158"]
[Annotator "NA RC COMBH"]
[PlyCount "79"]
[EventDate "2022.07.29"]
[EventType "team-tourn"]
[EventCountry "IND"]
[SourceTitle "playchess.com"]
[Source "ChessBase"]
[SourceQuality "1"]
[WhiteTeam "Honduras"]
[BlackTeam "SWZ"]
[WhiteTeamCountry "HON"]
[TimeControl "40/5400+30:1800+30"]

1. e4 e5 2. Nf3 Nc6 3. Bc4 Bc5 4. c3 Nf6 5. d3 h6 6. Nbd2 d6 7. Bb3 Bg4 8. h3 Bh5 9. Bc2 d5 10. exd5 Qxd5 11. b4 Bb6 12. Bb2 a5 13. a3 O-O 14. O-O Rfe8 15. Re1 Ra7 16. c4 Qd6 17. c5 Bxc5 18. bxc5 Qxc5 19. Nc4 Nd7 20. g4 Bg6 21. Ne3 Nd4 22. Bxd4 exd4 23. Nf5 Rxe1+ 24. Qxe1 Bxf5 25. gxf5 Qxf5 26. Kg2 Qg6+ 27. Kh2 Qd6+ 28. Kh1 Qc6 29. Qe8+ Kh7 30. Qe4+ Qxe4 31. dxe4 c5 32. e5+ g6 33. Re1 b5 34. e6 fxe6 35. Rxe6 Nf8 36. Rc6 Re7 37. Rxc5 Re2 38. Kg2 Ne6 39. Rc6 Nf4+ 40. Kf1 1-0

[Event "44th Chess Olympiad Women 2022"]
[Site "Chennai"]
[Date "2022.08.09"]
[Round "11.60"]
[White "Mejia, Camila"]
[Black "Nomcebo, Sibisi"]
[Result "0-1"]
[ECO "B06"]
[WhiteElo "1330"]
[BlackElo "1225"]
[Annotator "NA RC COMBH"]
[PlyCount "91"]
[EventDate "2022.07.29"]
[EventType "team-tourn"]
[EventCountry "IND"]
[SourceTitle "playchess.com"]
[Source "ChessBase"]
[SourceQuality "1"]
[WhiteTeam "Honduras"]
[BlackTeam "SWZ"]
[WhiteTeamCountry "HON"]
[TimeControl "40/5400+30:1800+30"]

1. e4 g6 2. d4 Bg7 3. Nf3 d6 4. Nc3 Bg4 5. Be2 Nd7 6. h3 Bxf3 7. Bxf3 e5 8. dxe5 Nxe5 9. Bf4 Nxf3+ 10. Qxf3 Nf6 11. O-O O-O 12. Rad1 Qc8 13. Bg5 Qe6 14. Rfe1 Nd7 15. Nd5 Ne5 16. Qg3 Qd7 17. Be7 Rfe8 18. f4 Nc4 19. b3 Nb2 20. Rd2 Rxe7 21. Nxe7+ Qxe7 22. e5 dxe5 23. fxe5 a5 24. a4 b5 25. c4 Qa3 26. Ree2 Nxa4 27. Qf3 Qc5+ 28. Kf1 Nb6 29. e6 fxe6 30. Rxe6 Rf8 31. Re8 Rxe8 32. Qd3 Rf8+ 33. Ke2 bxc4 34. bxc4 Qxc4 35. Qxc4+ Nxc4 36. Rc2 Ne5 37. Rxc7 Ra8 38. Kd1 a4 39. Rc2 a3 40. Ra2 Nd3 41. g4 Nb4 42. Rxa3 Rxa3 43. h4 Rg3 44. h5 Rxg4 45. hxg6 Rxg6 46. Kd2 0-1

[Event "44th Chess Olympiad Women 2022"]
[Site "Chennai"]
[Date "2022.08.09"]
[Round "11.60"]
[White "Nosimilo, Mkhonto"]
[Black "Garcia, Andrea Nicole"]
[Result "1/2-1/2"]
[ECO "C55"]
[WhiteElo "1313"]
[BlackElo "1631"]
[Annotator "NA RC COMBH"]
[PlyCount "92"]
[EventDate "2022.07.29"]
[EventType "team-tourn"]
[EventCountry "IND"]
[SourceTitle "playchess.com"]
[Source "ChessBase"]
[SourceQuality "1"]
[WhiteTeam "SWZ"]
[BlackTeam "Honduras"]
[BlackTeamCountry "HON"]
[TimeControl "40/5400+30:1800+30"]

1. e4 e5 2. Nf3 Nc6 3. Bc4 Be7 4. c3 Nf6 5. d3 O-O 6. Bb3 a6 7. Nbd2 d6 8. h3 b5 9. Nf1 Be6 10. Bc2 h6 11. Ne3 d5 12. Nf5 dxe4 13. Nxe7+ Qxe7 14. dxe4 Rad8 15. Bd2 Bc4 16. b3 Bd3 17. Bxd3 Rxd3 18. Qe2 Rfd8 19. O-O R3d7 20. Rad1 Qe6 21. Bc1 Rxd1 22. Rxd1 Rxd1+ 23. Qxd1 Nxe4 24. Qd3 Nf6 25. Qe3 Qd5 26. Qd2 Qxd2 27. Bxd2 Ne4 28. Kf1 f6 29. Ke2 Kf7 30. Ke3 Nd6 31. g4 Ke6 32. Ne1 Kd5 33. Nd3 g5 34. f3 a5 35. Nf2 a4 36. Ne4 Nxe4 37. fxe4+ Kc5 38. b4+ Kc4 39. Be1 Ne7 40. Kd2 Ng6 41. Bf2 Nf4 42. h4 Ne6 43. h5 c5 44. Bxc5 Nxc5 45. bxc5 Kxc5 46. a3 Kc6 1/2-1/2

[Event "44th Chess Olympiad Women 2022"]
[Site "Chennai"]
[Date "2022.08.09"]
[Round "11.61"]
[White "Acham, Meritza"]
[Black "Ayele, Hana Mulugeta"]
[Result "0-1"]
[ECO "D30"]
[WhiteElo "1397"]
[BlackElo "1437"]
[Annotator "NA RC COMBH"]
[PlyCount "90"]
[EventDate "2022.07.29"]
[EventType "team-tourn"]
[EventCountry "IND"]
[SourceTitle "playchess.com"]
[Source "ChessBase"]
[SourceQuality "1"]
[WhiteTeam "Mauritius"]
[BlackTeam "Ethiopia"]
[WhiteTeamCountry "MRI"]
[BlackTeamCountry "ETH"]
[TimeControl "40/5400+30:1800+30"]

1. d4 d5 2. Bf4 e6 3. Nf3 Nc6 4. e3 Nf6 5. c4 Bb4+ 6. Nbd2 dxc4 7. Bxc4 O-O 8. O-O h6 9. a3 Bd6 10. Bxd6 cxd6 11. Qc2 Re8 12. Rad1 Bd7 13. e4 Rc8 14. b4 b5 15. Ba2 Nxb4 16. Qb3 Nxa2 17. Qxa2 a6 18. Rc1 Qb6 19. e5 dxe5 20. dxe5 Nd5 21. Ne4 Red8 22. Nd6 Rxc1 23. Rxc1 f6 24. Qb2 Be8 25. Nc8 Qb8 26. Nd6 fxe5 27. Nxe8 Rxe8 28. Qxe5 Qxe5 29. Nxe5 Re7 30. Rc8+ Kh7 31. h4 g6 32. g4 Kg7 33. Kh2 Ra7 34. g5 a5 35. Re8 Re7 36. Ra8 a4 37. Rb8 Nc3 38. Rc8 Nb1 39. Rh8 Kxh8 40. Nxg6+ Kg7 41. Nxe7 hxg5 42. hxg5 Nxa3 43. Nc6 Nc2 44. f4 a3 45. Nd8 Nd4 0-1

[Event "44th Chess Olympiad Women 2022"]
[Site "Chennai"]
[Date "2022.08.09"]
[Round "11.61"]
[White "Beekhy, Aamirah"]
[Black "Bantiwalu, Aster Melake"]
[Result "1-0"]
[ECO "D02"]
[WhiteElo "1373"]
[BlackElo "1425"]
[Annotator "NA RC COMBH"]
[PlyCount "38"]
[EventDate "2022.07.29"]
[EventType "team-tourn"]
[EventCountry "IND"]
[SourceTitle "playchess.com"]
[Source "ChessBase"]
[SourceQuality "1"]
[WhiteTeam "Mauritius"]
[BlackTeam "Ethiopia"]
[WhiteTeamCountry "MRI"]
[BlackTeamCountry "ETH"]
[TimeControl "40/5400+30:1800+30"]

1. d4 d5 2. Bf4 Bf5 3. Nf3 Nd7 4. e3 e6 5. Be2 Ngf6 6. h3 h6 7. O-O Be7 8. c4 dxc4 9. Bxc4 O-O 10. Nc3 Rc8 11. Rc1 Bb4 12. Qb3 Bxc3 13. Rxc3 Ne4 14. Rcc1 Nb6 15. Be2 Qd5 16. Qa3 Nd6 17. Rc5 Ndc4 18. Bxc4 Nxc4 19. Rxd5 exd5 1-0

[Event "44th Chess Olympiad Women 2022"]
[Site "Chennai"]
[Date "2022.08.09"]
[Round "11.62"]
[White "Saraci, Ndriqona"]
[Black "Almusawi, Maram"]
[Result "1-0"]
[ECO "B15"]
[WhiteElo "1425"]
[BlackElo "1349"]
[Annotator "NA COMBH"]
[PlyCount "97"]
[EventDate "2022.07.29"]
[EventType "team-tourn"]
[EventCountry "IND"]
[SourceTitle "playchess.com"]
[Source "ChessBase"]
[SourceQuality "1"]
[WhiteTeam "Kosovo"]
[BlackTeam "Brunei"]
[WhiteTeamCountry "KOS"]
[BlackTeamCountry "BRN"]
[TimeControl "40/5400+30:1800+30"]

1. e4 c6 2. Nf3 d5 3. Nc3 dxe4 4. Nxe4 Nf6 5. Nxf6+ exf6 6. d4 Bd6 7. Bd3 O-O 8. O-O Be6 9. Re1 Qc7 10. h3 Re8 11. c3 Nd7 12. Qc2 g6 13. a4 a5 14. Bd2 c5 15. dxc5 Nxc5 16. Bb5 Rec8 17. Nd4 Bd7 18. Re2 Ne6 19. Nxe6 Bxe6 20. Rae1 Rd8 21. Be3 Bf5 22. Qc1 Bd7 23. Bxd7 Qxd7 24. Qc2 Qc6 25. Bd4 Kg7 26. Qb3 Re8 27. Rxe8 Rxe8 28. Rxe8 Qxe8 29. Kf1 Qc6 30. Qb6 Qxb6 31. Bxb6 Kf8 32. Bxa5 Ke7 33. Bb4 Bxb4 34. cxb4 Kd6 35. Ke2 Kd5 36. Kd3 f5 37. a5 g5 38. b5 Kc5 39. a6 Kb6 40. axb7 Kxb7 41. Kd4 f6 42. Kd5 h5 43. Ke6 f4 44. Kxf6 g4 45. hxg4 hxg4 46. Kf5 g3 47. f3 Kb6 48. Kxf4 Kxb5 49. Kxg3 1-0